 Dungeon Crawl Stone Soup version 0.29-a0-330-g52719c12eb (webtiles) character file.

Game seed: 5917630385652596320

1205 kae the Firebug (level 8, -1/54 HPs)
             Began as an Octopode Fire Elementalist on Apr 15, 2022.
             Slain by Duvessa
             ... wielding a +0 short sword
              (8 damage)
             ... on level 6 of the Dungeon.
             The game lasted 00:04:17 (7132 turns).

kae the Firebug (Octopode Fire Elementalist)        Turns: 7132, Time: 00:04:18

Health: -1/54      AC:  1    Str:  7    XL:     8   Next: 45%
Magic:  3/14       EV: 14    Int: 20    God:
Gold:   385        SH:  0    Dex: 12    Spells: 2/15 levels left

rFire   + . .      SeeInvis .   k - staff of fire
rCold   . . .      Faith    .   (no shield)
rNeg    . . .      Spirit   .   (helmet restricted)
rPois   .          Reflect  .   (no amulet)
rElec   .          Harm     .   (no ring)
rCorr   .          Rampage  .   (no ring)
Will    .....                   (no ring)
Stlth   +++.......              (no ring)
HPRegen 0.18/turn               (no ring)
MPRegen 0.14/turn               (no ring)
                                (no ring)
                                (no ring)

@: no status effects
A: almost no armour, amphibious, 8 rings, camouflage 1, gelatinous body 1,
(nimble swimmer 1), tentacles
a: no special abilities


You were on level 6 of the Dungeon.
You visited 1 branch of the dungeon, and saw 6 of its levels.

You collected 385 gold pieces.

Inventory:

Magical Staves
 k - a staff of fire (weapon)
Jewellery
 i - a ring of flight
Scrolls
 d - 3 scrolls of amnesia
 f - 5 scrolls of magic mapping
 h - 3 scrolls of teleportation
 l - a scroll of noise {unknown}
 p - a scroll of torment
 t - 3 scrolls of identify
 u - a scroll of enchant armour {unknown}
Potions
 a - 2 potions of magic
 b - a potion of cancellation
 c - 2 potions of curing
 e - a potion of resistance
 g - 2 potions of attraction
 j - a potion of heal wounds
 m - 2 potions of lignification
 n - a potion of ambrosia
 o - 2 potions of berserk rage
 q - 2 potions of mutation {unknown}
 r - 2 potions of degeneration {unknown}
 s - a potion of might {unknown}


   Skills:
 + Level 3.7 Fighting
 + Level 4.4 Dodging
 - Level 2.6 Stealth
 + Level 4.1 Spellcasting
 + Level 3.9 Conjurations
 * Level 6.4 Fire Magic


You had 2 spell levels left.
You knew the following spells:

 Your Spells              Type           Power      Damage    Failure   Level
a - Foxfire               Conj/Fire      100%       2x1d9     1%          1
b - Scorch                Fire           88%        2d9       1%          2
c - Conjure Flame         Conj/Fire      37%        6-21      4%          3
d - Inner Flame           Hex/Fire       25%        N/A       11%         3
e - Flame Wave            Conj/Fire      37%        2d9       16%         4

Your spell library contained the following spells:

 Spells                   Type           Power      Damage    Failure   Level
 Blink                    Tloc           8%         N/A       19%         2
 Lesser Beckoning         Tloc           4%         N/A       36%         3
 Manifold Assault         Tloc           4%         N/A       98%         5


Dungeon Overview and Level Annotations

Branches:
Dungeon (6/15)
 Temple: D:4-7

Altars:
Wu Jian
Yredelemnul

Shops:
D:1 [(*[

Annotations:
D:3 Ijyb
D:6 Dowan, Duvessa


Innate Abilities, Weirdness & Mutations

You cannot wear most types of armour.
You are amphibious.
You can wear up to eight rings at the same time.
Your skin changes colour to match your surroundings (Stealth+).
Your rubbery body absorbs attacks. (AC +1, EV +1)
((You are camouflaged when in or above water. (Stealth+)))
You have tentacles for arms and can constrict up to eight enemies at once.


Message History

Casting: Foxfire (safe; 1% risk of failure)
Confirm with . or Enter, or press ? or * to list all spells.
You feel a surge of power!
Flames lash Duvessa.
Duvessa is heavily wounded.
Duvessa's fire resistance burns away.
Duvessa misses you.
Duvessa gestures with her weapon.
Duvessa hits you with a +0 short sword!
Casting: Scorch (safe; 1% risk of failure)
Confirm with . or Enter, or press ? or * to list all spells.
You feel a surge of power!
Flames lash Duvessa.
Duvessa is burned terribly!
Duvessa is severely wounded.
Duvessa says, "When magic and the sword combine, nothing stands against them."
Duvessa misses you. Duvessa closely misses you.
Dowan gestures wildly while chanting.
Dowan blinks!
Casting: Scorch (safe; 1% risk of failure)
Confirm with . or Enter, or press ? or * to list all spells.
You feel a surge of power!
Flames lash Duvessa.
Duvessa is burned terribly!
Duvessa is almost dead.
Duvessa closely misses you. Duvessa hits you with a +0 short sword!
Casting: Scorch (safe; 1% risk of failure)
Confirm with . or Enter, or press ? or * to list all spells.
You feel a surge of power!
Flames lash Duvessa.
Duvessa is burned terribly!
Duvessa is almost dead.
Duvessa hits you with a +0 short sword. Duvessa hits you with a +0 short sword!
Casting: Scorch (safe; 1% risk of failure)
Confirm with . or Enter, or press ? or * to list all spells.
You feel a surge of power!
Flames lash Dowan.
Dowan is severely wounded.
Dowan's fire resistance burns away.
Duvessa hits you with a +0 short sword.
* * * LOW HITPOINT WARNING * * *
Dowan hits you with a +1 dagger of pain.
* * * LOW HITPOINT WARNING * * *
You writhe in agony.
* * * LOW HITPOINT WARNING * * *
Duvessa hits you with a +0 short sword!
You die...

e. . #. ############ #.#
#..........# ##
#e.##..........# .#
#ยง.#..........# .#
#.#..........# .#
#..e@........# .#
###.e........# .#
#..........# .######
##.#..###### ......#
#....# ......# ##.#.######
......# #........#
......###########........#
.........................#


You could see Duvessa (combustible) and Dowan (combustible).

Vanquished Creatures
  2 yaks (D:6)
  2 water moccasins
  A black bear (D:5)
  An ice beast (D:5)
  An ogre (D:5)
  A phantom (D:6)
  3 vampire bats (D:3)
  4 iguanas
  An orc wizard (D:5)
  2 adders
  An ufetubus (D:6)
  A worm (D:5)
  5 dart slugs
  7 orcs
  6 endoplasms
  4 giant cockroaches
  7 goblins
  7 hobgoblins
  2 jackals (D:3)
  5 quokkas
  5 ball pythons
  14 bats
  2 frilled lizards
  4 kobolds
  6 rats
94 creatures vanquished.

Vanquished Creatures (others)
  327 foxfires
327 creatures vanquished.

Grand Total: 421 creatures vanquished

Notes
Turn   | Place    | Note
-------+----------+-------------------------------------------
     0 | D:1      | kae the Octopode Fire Elementalist began the quest for the
                  | Orb.
     0 | D:1      | Reached XP level 1. HP: 11/11 MP: 3/3
   236 | D:1      | Found Pueled's Armour Shoppe.
   245 | D:1      | Found a faded altar of an unknown god.
   419 | D:1      | Reached XP level 2. HP: 17/17 MP: 3/5
   692 | D:1      | Found Naotwed's General Store.
   761 | D:1      | Found Hahupn's Antique Weapon Emporium.
   929 | D:1      | Found Zuviub's Antique Armour Shop.
  1018 | D:1      | Reached XP level 3. HP: 22/22 MP: 2/6
  1191 | D:2      | Learned a level 2 spell: Scorch
  1195 | D:2      | Learned a level 3 spell: Conjure Flame
  1793 | D:2      | Reached skill level 1 in Fighting
  2506 | D:3      | Reached XP level 4. HP: 28/28 MP: 2/7
  2586 | D:3      | Noticed Ijyb
  2600 | D:3      | HP: 1/28 [Ijyb/+0 dagger (7)]
  3233 | D:3      | Reached skill level 4 in Fire Magic
  3292 | D:3      | Reached XP level 5. HP: 29/33 MP: 3/8
  3521 | D:3      | Found an ornate altar of the Wu Jian Council.
  4018 | D:4      | Learned a level 3 spell: Inner Flame
  4362 | D:4      | Reached XP level 6. HP: 24/39 MP: 1/10
  4705 | D:4      | Found a basalt altar of Yredelemnul.
  5063 | D:5      | Entered Level 5 of the Dungeon
  5283 | D:5      | Noticed a water moccasin
  5290 | D:5      | Killed a water moccasin
  5291 | D:5      | Reached skill level 5 in Fire Magic
  5601 | D:5      | Reached XP level 7. HP: 21/45 MP: 2/11
  6358 | D:5      | Learned a level 4 spell: Flame Wave
  6618 | D:6      | Noticed a yak
  6635 | D:6      | Killed a yak
  6636 | D:6      | Reached skill level 6 in Fire Magic
  6636 | D:6      | Reached XP level 8. HP: 31/52 MP: 2/13
  6765 | D:6      | Noticed a yak
  6771 | D:6      | Noticed a yak
  6790 | D:6      | Noticed a yak
  6794 | D:6      | Killed a yak
  7114 | D:6      | Noticed Duvessa
  7117 | D:6      | Noticed Dowan
  7132 | D:6      | Slain by Duvessa

Illustrated notes

Levels and vault maps discovered:
D:1:      lemuel_arrival_muddy, layout_basic, serial_shops, shop,
          nicolae_shop_stone, nicolae_square_shop, shop, basic_ecumenical_altar,
          hangedman_decor_clover_reticule
D:2:      layout_basic
D:3:      layout_basic, mainiacjoe_overflow_concentric_impassable,
          minmay_misc_feat_cross, roderic_batcave, uniq_ijyb
D:4:      layout_basic, mainiacjoe_overflow_tiny_flanked, serial_park_tiny_pond
D:5:      layout_basic
D:6:      layout_rooms, uniq_duvessa

Skill      XL: |  1  2  3  4  5  6  7  8 |
---------------+-------------------------+-----
Fighting       | 1 2 3 |  3.7
Fire Magic     | 4 5 6 |  6.4
Conjurations   | 2 3 |  3.9
Dodging        | 3 4 |  4.4
Spellcasting   | 3 4 |  4.1
Stealth        | |  2.6

Action                   |  1- 3 |  4- 6 |  7- 9 || total
-------------------------+-------+-------+-------++-------
Melee: Unarmed           |    13 |    27 |       ||    40
       Constrict         |     6 |     5 |       ||    11
       Tentacles         |     4 |     7 |       ||    11
       Staff             |       |       |     1 ||     1
 Cast: Foxfire           |    70 |    71 |    50 ||   191
       Scorch            |     1 |    11 |    12 ||    24
       Conjure Flame     |       |     4 |     3 ||     7
  Use: Scroll            |     2 |     9 |     1 ||    12
       Potion            |       |     3 |       ||     3
Armor: Skin              |     2 |     4 |     1 ||     7
Dodge: Dodged            |    20 |    50 |    13 ||    83

Table legend: (Time is in decaauts)
 A = Elapsed time spent in this place.
 B = Non-inter-level travel time spent in this place.
 C = Inter-level travel time spent in this place.
 D = Time resting spent in this place.
 E = Time spent auto-exploring this place.
 F = Levels seen in this place.
 G = Mean time per level.
                   A        B        C        D        E       F      G
               +--------+--------+--------+--------+--------+-----+--------+
         Total |   7133 |   6937 |    196 |    968 |   5119 |   6 | 1188.8 |
       Dungeon |   7133 |   6937 |    196 |    968 |   5119 |   6 | 1188.8 |
               +--------+--------+--------+--------+--------+-----+--------+

Top non-repeatable levels by time:
     D:3: 1658 daAuts
     D:5: 1443 daAuts
     D:2: 1277 daAuts
     D:1: 1178 daAuts
     D:4: 982 daAuts
     D:6: 593 daAuts
